 Dungeon Crawl Stone Soup version 0.28-a0-850-g09de17f5b5 (webtiles) character file.

Game seed: 7708454592566305482

97490 pokeman the Sorcerer (level 15, 0/88 HPs)
             Began as a Deep Elf Hedge Wizard on Nov 12, 2021.
             Was a High Priest of Vehumet.
             Killed from afar by a swamp worm (13 damage)
             ... with a harpoon shot
             ... on level 1 of the Swamp on Nov 13, 2021.
             The game lasted 01:36:42 (33615 turns).

pokeman the Sorcerer (Deep Elf Hedge Wizard)       Turns: 33615, Time: 01:36:43

Health: 0/88       AC: 12    Str:  7    XL:     15   Next: 72%
Magic:  40/44      EV: 14    Int: 26    God:    Vehumet [*****.]
Gold:   2125       SH:  8    Dex: 23    Spells: 29/60 levels left

rFire   + + .      SeeInvis +   S - staff of conjuration
rCold   + + .      Faith    .   X - +2 buckler {rF+}
rNeg    + . .      Spirit   .   M - +0 steam dragon scales
rPois   .          Reflect  .   F - +2 helmet {SInv}
rElec   .          Harm     .   a - scarf {rC+ rF+}
rCorr   .          Rampage  .   s - +0 pair of gloves {Dex+3}
Will    +....                   C - +0 pair of boots "Jyuhezy" {rN+}
Stlth   +++.......              P - amulet of regeneration
HPRegen 1.24/turn               l - +6 ring of dexterity
MPRegen 0.29/turn               Q - ring of protection from cold

@: on blink cooldown
A: no striking features
a: Renounce Religion


You were on level 1 of the Swamp.
You worshipped Vehumet.
Vehumet was extremely pleased with you.
You visited 5 branches of the dungeon, and saw 25 of its levels.

You collected 2139 gold pieces.
You spent 14 gold pieces at shops.

Inventory:

Hand Weapons
 b - the +4 short sword of Eseyrus {venom, Str+7}
   (You found it on level 1 of the Lair of Beasts)

   It poisons the flesh of those it strikes.
   Str:       It affects your strength (+7).
 W - a +0 arbalest
Missiles
 t - 157 bolts
Armour
 a - a scarf of resistance (worn)
 c - a +2 ring mail of poison resistance
 s - a +0 pair of gloves of dexterity (worn)
 C - the +0 pair of boots "Jyuhezy" (worn) {rN+}
   (You found it on level 4 of the Lair of Beasts)

   rN:        It protects you from negative energy.
 F - a +2 helmet of see invisible (worn)
 M - +0 steam dragon scales (worn)
 X - a +2 buckler of fire resistance (worn)
Magical Staves
 g - a staff of fire
 x - a staff of cold
 S - a staff of conjuration (weapon)
Jewellery
 l - a +6 ring of dexterity (left hand)
 P - an amulet of regeneration (around neck)
 Q - a ring of protection from cold (right hand)
Wands
 o - a wand of acid (72)
 r - a wand of digging (5)
Scrolls
 j - 10 scrolls of teleportation
 k - 2 scrolls of blinking
 p - 3 scrolls of magic mapping
 R - a scroll of torment {unknown}
Potions
 f - 4 potions of attraction {unknown}
 h - 7 potions of haste
 i - 2 potions of ambrosia {unknown}
 q - 3 potions of mutation {unknown}
 u - 5 potions of heal wounds {unknown}
 z - 9 potions of curing
 E - 4 potions of cancellation {unknown}
 J - a potion of invisibility {unknown}
 Y - 3 potions of brilliance {unknown}
Miscellaneous
 e - a phantom mirror
 n - a phial of floods
 U - a lightning rod (4/4)


   Skills:
 + Level 7.9 Fighting
 - Level 6.0 Armour
 - Level 3.0 Dodging
 - Level 3.0 Stealth
 - Level 4.0 Shields
 * Level 23.0 Spellcasting
 + Level 14.1 Conjurations
 - Level 1.1 Summonings
 - Level 1.0 Necromancy
 - Level 1.1 Translocations
 + Level 13.7 Fire Magic
 - Level 2.0 Ice Magic
 - Level 1.0 Air Magic
 - Level 1.1 Earth Magic
 - Level 1.0 Poison Magic
 - Level 1.2 Evocations


You had 29 spell levels left.
You knew the following spells:

 Your Spells              Type           Power      Damage    Failure   Level
a - Magic Dart            Conj           100%       1d8       0%          1
b - Mephitic Cloud        Conj/Pois/Air  72%        N/A       1%          3
c - Call Imp              Summ           35%        N/A       1%          2
d - Blink                 Tloc           70%        N/A       1%          2
e - Conjure Flame         Conj/Fire      100%       6-21      0%          3
f - Foxfire               Conj/Fire      100%       2x1d9     0%          1
g - Fireball              Conj/Fire      50%        3d20      1%          5
h - Stone Arrow           Conj/Erth      100%       3d13      1%          3
i - Starburst             Conj/Fire      50%        6d14      1%          6
j - Freezing Cloud        Conj/Ice/Air   37%        6-21      1%          5

Your spell library contained the following spells:

 Spells                   Type           Power      Damage    Failure   Level
 Eringya's Noxious Bog    Tmut/Pois      16%        N/A       36%         6
 Freeze                   Ice            100%       1d11      1%          1
 Pain                     Necr           100%       1d9       1%          1
 Sandblast                Erth           70%        2d15      1%          1
 Slow                     Hex            100%       N/A       1%          1
 Passwall                 Tmut/Erth      26%        N/A       1%          2
 Dazzling Flash           Conj/Hex       100%       N/A       1%          3
 Frozen Ramparts          Ice            80%        1d10      1%          3
 Ozocubu's Armour         Ice            40%        N/A       1%          3
 Hailstorm                Conj/Ice       82%        3d17      1%          4
 Iskenderun's Mystic Bla  Conj/Tloc      81%        2d16      1%          4
 Lesser Beckoning         Tloc           35%        N/A       2%          3
 Tukima's Dance           Hex            29%        N/A       3%          3
 Animate Dead             Necr           17%        N/A       8%          4
 Passage of Golubria      Tloc           35%        N/A       8%          4
 Yara's Violent Unravell  Hex/Tmut       14%        3d7       9%          5
 Agony                    Necr           35%        N/A       22%         5
 Excruciating Wounds      Necr           17%        N/A       22%         5
 Manifold Assault         Tloc           35%        N/A       22%         5
 Metabolic Englaciation   Hex/Ice        17%        N/A       22%         5
 Simulacrum               Ice/Necr       18%        N/A       69%         6
 Haunt                    Necr/Summ      17%        N/A       100%        7
 Infestation              Necr           17%        N/A       100%        8
 Polar Vortex             Ice            20%        N/A       100%        9


Dungeon Overview and Level Annotations

Branches:
Dungeon (15/15)            Temple (1/1) D:6            Lair (6/6) D:11
  Swamp (1/4) Lair:3       Spider (0/4) Lair:2        Slime (0/5) Lair:6
    Orc (2/2) D:11            Elf (0/3) Orc:2        Vaults (0/5) D:14
 Depths (0/4) D:15

Altars:
Ashenzari
Dithmenos
Elyvilon
Gozag
Kikubaaqudgha
Makhleb
Nemelex Xobeh
Qazlal
Ru
Sif Muna
Trog
Uskayaw
Vehumet
Wu Jian
Xom
Yredelemnul
The Shining One
Beogh
Lugonu

Shops:
D:2 (   D:8 :   D:13 (   Orc:2 *[(

Portals:
Abyss: Lair:2

Annotations:
D:9 1 runed translucent door, AttackTheMoon's ghost, novice TrBe


Message History

Aiming: Fireball (safe; 1% risk of failure)
Press: ? - help, Shift-Dir - straight line, f - tyrant leech, p - spriggan rider
Aim: a tyrant leech (translocational energy)
You feel a surge of power!
The fireball explodes!
The fireball engulfs the tyrant leech!!!
The tyrant leech is severely wounded.
The fireball engulfs the four-headed hydra!!
The four-headed hydra is moderately wounded.
The mangrove smoulders and burns.
The fireball engulfs the vampire mosquito!!
You destroy the vampire mosquito!
Vehumet accepts your kill.
You feel your power returning.
The fireball engulfs the swamp worm!!!
You kill the swamp worm!
Vehumet accepts your kill.
You feel your power returning.
The four-headed hydra is engulfed in blazing flames.
The spriggan rider misses you.
Casting: Fireball (safe; 1% risk of failure)
Confirm with . or Enter, or press ? or * to list all spells.
Aiming: Fireball (safe; 1% risk of failure)
Press: ? - help, Shift-Dir - straight line, f - four-headed hydra, p - tyrant leech
Aim: a four-headed hydra (heavily wounded)
You feel a surge of power!
The fireball explodes!
The fireball engulfs the four-headed hydra!!
You kill the four-headed hydra!
Vehumet accepts your kill.
You feel your power returning.
The fireball engulfs the spriggan rider!!!
You kill the spriggan rider!
Vehumet accepts your kill.
You feel your power returning.
You kill the hornet!
Vehumet accepts your kill.
The fireball engulfs the tyrant leech!!
You kill the tyrant leech!
Vehumet accepts your kill.
The swamp worm fires a harpoon shot at you.
The harpoon shot hits you!
You die...

.≈.≈≈≈≈≈≈.♣
≈≈≈≈≈≈≈≈..♣
♣.D..$≈w.≈..§$♣
♣.≈≈≈≈≈..i≈.≈§♣♣
..≈≈D≈D!...§≈§≈♣♣
.≈≈§!...≈≈.)§§≈≈♣♣
....≈≈≈≈§.§†...≈§♣
≈.≈≈≈≈≈.$i.§†@≈♣
§≈≈.≈≈≈≈≈w§§§≈≈♣
.§≈≈.†≈<..§≈§≈≈♣
≈.i≈†≈..≈.X≈≈≈≈♣
≈.§♣≈≈≈♣♣♣♣♣≈≈/♣ .
♣... ♣≈≈.♣ ♣.≈≈
♣.≈≈♣ ♣.≈≈ ♣≈..♣
♣.≈≈


You could see a tentacled monstrosity, a swamp dragon, a tyrant leech, 2
spriggan riders and a swamp worm.

Vanquished Creatures
  2 orc warlords (Orc:2)
  An ironbound preserver (D:14)
  A ghoul (D:14)
  Snorg (D:11)
  An ettin (D:15)
  A fire dragon (Lair:6)
  Josephine (Lair:5)
  Harold (D:7)
  3 boulder beetles
  11 hydras
  5 centaur warriors
  A death knight (D:15)
  4 two-headed ogres
  5 tengu warriors
  An orc high priest (Orc:2)
  A spriggan (Swamp:1)
  Nergalle (Orc:2)
  9 skeletal warriors (D:14)
  A deep troll (D:15)
  2 wizards
  A lindwurm (Lair:6)
  5 orc knights
  A wolf spider zombie (D:14)
  2 deep elf pyromancers
  A manticore (shapeshifter) (D:13)
  6 orc sorcerers
  6 cyclopes
  6 ugly things
  A will-o-the-wisp (Lair:3)
  A manticore (D:13)
  15 cane toads
  11 elephants
  6 black mambas
  3 molten gargoyles (Lair:6)
  A gargoyle (D:10)
  2 unseen horrors
  A rime drake (shapeshifter) (D:15)
  2 kobold demonologists (D:12)
  A rime drake (Lair:3)
  2 tengu conjurers
  14 komodo dragons
  2 anaconda simulacra (Lair:2)
  An efreet (D:14)
  A guardian mummy (D:14)
  3 trolls
  A wolf spider simulacrum (Lair:2)
  5 polar bears
  13 blink frogs
  14 slime creatures
  3 hornets
  2 tyrant leeches
  A shadow (D:11)
  A centaur simulacrum (D:14)
  3 redbacks (Lair:2)
  A vampire (D:11)
  11 wyverns
  A dire elephant simulacrum (Lair:2)
  49 yaks
  7 basilisks
  5 wraiths
  A swamp worm (Swamp:1)
  13 vampire mosquitoes
  3 steam dragons
  Edmund (D:4)
  6 wargs
  A hydra simulacrum (Lair:2)
  21 water moccasins
  An acid dragon (D:11)
  4 hell hounds (Lair:6)
  25 orc warriors
  6 black bears
  A sky beast (D:6)
  3 ogres
  2 ice beasts
  A necrophage (D:6)
  21 wolves
  14 centaurs
  3 phantoms (D:5)
  Blork the orc (Orc:2)
  3 kobold brigands (D:12)
  9 bullfrogs
  A gnoll sergeant (D:3)
  3 scorpions
  A wyvern skeleton (D:7)
  13 killer bees
  A blink frog simulacrum (Lair:2)
  10 wights
  A howler monkey (D:12)
  3 electric eels
  5 lava snakes (Lair:6)
  5 centaur zombies
  A bullfrog zombie (D:7)
  3 jellies (D:6)
  A bullfrog skeleton (D:7)
  3 hounds
  A centaur skeleton (D:4)
  A gnoll shaman (D:7)
  22 orc priests
  Natasha (D:3)
  An iguana (D:6)
  26 orc wizards
  A howler monkey zombie (D:6)
  4 mummies (D:14)
  7 adders
  10 gnolls
  3 ufetubi
  A worm (D:3)
  3 dart slugs
  60 orcs
  9 ball pythons
  8 bats
  7 endoplasms
  2 giant cockroaches
  2 goblins
  11 hobgoblins
  4 quokkas
  4 frilled lizards
  14 kobolds
  4 rats
  A lurking horror (Lair:2)
663 creatures vanquished.

Vanquished Creatures (collateral kills)
  A killer bee (D:7)
  A gnoll (D:3)
  A worm (D:3)
  An orc (D:3)
  2 ball pythons (D:3)
  2 foxfires (D:11)
8 creatures vanquished.

Vanquished Creatures (others)
  A rime drake (shapeshifter) (D:15)
  An orc (Orc:1)
  167 foxfires
  41 fungi
  56 plants
  2 withered plants (D:14)
268 creatures vanquished.

Grand Total: 939 creatures vanquished

Notes
Turn   | Place    | Note
-------+----------+-------------------------------------------
     0 | D:1      | pokeman the Deep Elf Hedge Wizard began the quest for the
                  | Orb.
     0 | D:1      | Reached XP level 1. HP: 10/10 MP: 7/7
   256 | D:1      | Reached XP level 2. HP: 16/16 MP: 7/9
   796 | D:1      | Reached skill level 5 in Spellcasting
   893 | D:1      | Found a faded altar of an unknown god.
   992 | D:1      | Reached XP level 3. HP: 20/20 MP: 6/11
   996 | D:1      | Learned a level 3 spell: Mephitic Cloud
   999 | D:1      | Learned a level 2 spell: Call Imp
  1004 | D:1      | Learned a level 2 spell: Blink
  1008 | D:1      | Learned a level 3 spell: Conjure Flame
  1330 | D:2      | Reached skill level 1 in Fighting
  1513 | D:2      | Reached skill level 1 in Armour
  1653 | D:2      | Found Ixoeg's Antique Weapon Emporium.
  2213 | D:2      | Reached XP level 4. HP: 25/25 MP: 9/13
  2617 | D:3      | Reached skill level 1 in Fire Magic
  2677 | D:3      | Reached skill level 6 in Spellcasting
  2677 | D:3      | Reached XP level 5. HP: 29/29 MP: 6/15
  3030 | D:3      | Reached skill level 1 in Air Magic
  3587 | D:3      | Noticed Natasha
  3593 | D:3      | Killed Natasha
  4076 | D:3      | Reached skill level 1 in Poison Magic
  4076 | D:3      | Reached XP level 6. HP: 34/34 MP: 10/17
  4198 | D:4      | Reached skill level 7 in Spellcasting
  4754 | D:4      | Noticed Edmund
  4783 | D:4      | Killed Edmund
  4784 | D:4      | Reached skill level 1 in Evocations
  4784 | D:4      | Reached XP level 7. HP: 8/38 MP: 4/20
  5214 | D:4      | Reached skill level 1 in Shields
  5214 | D:4      | Reached skill level 8 in Spellcasting
  5705 | D:5      | Entered Level 5 of the Dungeon
  6383 | D:5      | Reached skill level 9 in Spellcasting
  6383 | D:5      | Reached XP level 8. HP: 27/43 MP: 9/23
  6912 | D:5      | Reached skill level 5 in Conjurations
  7260 | D:6      | Reached skill level 10 in Spellcasting
  7523 | D:6      | Found a staircase to the Ecumenical Temple.
  7880 | Temple   | Entered the Ecumenical Temple
  7982 | Temple   | Became a worshipper of Vehumet
  8222 | D:6      | Reached XP level 9. HP: 48/48 MP: 14/25
  8538 | D:6      | Reached skill level 1 in Necromancy
  8683 | D:6      | Reached skill level 11 in Spellcasting
  8695 | D:6      | Learned a level 3 spell: Stone Arrow
  8979 | D:6      | Reached skill level 5 in Fire Magic
  8979 | D:6      | Reached skill level 1 in Earth Magic
  9125 | D:7      | Reached * piety under Vehumet
  9125 | D:7      | Offered knowledge of Shock by Vehumet.
  9301 | D:7      | Noticed Harold
  9631 | D:7      | Killed Harold
  9632 | D:7      | Reached skill level 12 in Spellcasting
  9869 | D:7      | Found a stormy altar of Qazlal.
 10500 | D:8      | Reached XP level 10. HP: 56/56 MP: 23/28
 10680 | D:8      | Found Karghuoc's Book Shop.
 11094 | D:8      | Reached skill level 13 in Spellcasting
 12131 | D:9      | Noticed a two-headed ogre
 12144 | D:9      | Killed a two-headed ogre
 12291 | D:9      | Noticed a two-headed ogre
 12300 | D:9      | Killed a two-headed ogre
 12301 | D:9      | Reached skill level 14 in Spellcasting
 12695 | D:9      | Found a runed translucent door.
 12695 | D:9      | Found a shimmering altar of Xom.
 12695 | D:9      | Noticed AttackTheMoon's ghost (novice TrBe)
 12695 | D:9      | Noticed a +3 mace of chaos
 13015 | D:9      | Reached XP level 11. HP: 54/60 MP: 23/31
 13613 | D:10     | Entered Level 10 of the Dungeon
 13861 | D:10     | Noticed a four-headed hydra
 13869 | D:10     | Killed a four-headed hydra
 13870 | D:10     | Reached skill level 15 in Spellcasting
 14067 | D:10     | Reached ** piety under Vehumet
 14067 | D:10     | Offered knowledge of Foxfire by Vehumet.
 14070 | D:10     | Learned a level 1 spell: Foxfire
 14716 | D:11     | Noticed a two-headed ogre
 14722 | D:11     | Killed a two-headed ogre
 15014 | D:11     | Noticed Snorg
 15124 | D:11     | Found a staircase to the Orcish Mines.
 15165 | D:11     | Reached skill level 16 in Spellcasting
 15361 | D:11     | Found a staircase to the Lair.
 15471 | D:11     | Offered knowledge of Ignite Poison by Vehumet.
 15664 | D:11     | Killed Snorg
 16374 | D:12     | Noticed a boulder beetle
 16408 | D:12     | Killed a boulder beetle
 16409 | D:12     | Reached XP level 12. HP: 66/66 MP: 10/34
 16518 | D:12     | Reached *** piety under Vehumet
 17068 | D:12     | Reached skill level 10 in Conjurations
 17492 | D:13     | Reached skill level 17 in Spellcasting
 17632 | D:13     | Noticed a boulder beetle
 17652 | D:13     | Killed a boulder beetle
 17836 | D:13     | Noticed a tengu warrior
 17970 | D:13     | Killed a tengu warrior
 17974 | D:13     | Offered knowledge of Iskenderun's Mystic Blast by Vehumet.
 18152 | D:13     | Noticed a boulder beetle
 18226 | D:13     | Killed a boulder beetle
 18227 | D:13     | Reached skill level 5 in Fighting
 18375 | D:13     | Reached skill level 10 in Fire Magic
 18497 | D:13     | Found Enetu's Weapon Boutique.
 18662 | D:13     | Noticed a centaur warrior
 18667 | D:13     | Killed a centaur warrior
 18672 | D:13     | Noticed a two-headed ogre
 18678 | D:13     | Killed a two-headed ogre
 18679 | D:13     | Reached skill level 18 in Spellcasting
 19372 | D:14     | Reached XP level 13. HP: 72/72 MP: 15/37
 19740 | D:14     | Noticed an ironbound preserver
 19762 | D:14     | Killed an ironbound preserver
 19881 | D:14     | Reached skill level 5 in Armour
 20052 | D:14     | Noticed a ghoul
 20064 | D:14     | Reached **** piety under Vehumet
 20070 | D:14     | Killed a ghoul
 20310 | D:14     | Found a gate to the Vaults.
 20475 | D:14     | Offered knowledge of Fireball by Vehumet.
 20476 | D:14     | Reached skill level 19 in Spellcasting
 20489 | D:14     | Learned a level 5 spell: Fireball
 20642 | D:14     | You fall into a shaft and drop 1 floor!
 20642 | D:15     | Entered Level 15 of the Dungeon
 20910 | D:14     | Found an ornate altar of the Wu Jian Council.
 21353 | D:15     | Noticed an ettin
 21355 | D:15     | Killed an ettin
 21753 | D:15     | Found a staircase to the Depths.
 21889 | D:15     | Reached skill level 20 in Spellcasting
 22151 | D:15     | Learned a level 6 spell: Starburst
 22319 | D:15     | Reached XP level 14. HP: 78/78 MP: 27/40
 22680 | D:15     | Identified 3 scrolls of acquirement
 22922 | Temple   | Acquired a staff of fire
 22925 | Temple   | Acquired a +4 quick blade
 22926 | Temple   | Acquired a +2 helmet of see invisible
 23136 | Lair:1   | Entered Level 1 of the Lair of Beasts
 23371 | Lair:1   | Reached ***** piety under Vehumet
 23520 | Lair:1   | Offered knowledge of Iron Shot by Vehumet.
 23589 | Lair:1   | Acquired a scarf of resistance
 23798 | Lair:1   | Identified the +4 short sword of Eseyrus {venom, Str+7}
 24148 | Lair:1   | Found a sacrificial altar of Ru.
 24371 | Lair:2   | Found a hole to the Spider Nest.
 24408 | Lair:2   | Found a transporter.
 24420 | Lair:2   | Found a corrupted altar of Lugonu.
 24546 | Lair:2   | Found a one-way gate to the infinite horrors of the Abyss.
 24924 | Lair:2   | Found a transporter.
 25456 | Lair:3   | Found a staircase to the Swamp.
 25928 | Lair:3   | Reached skill level 21 in Spellcasting
 26013 | Lair:3   | You fall into a shaft and drop 1 floor!
 26942 | Lair:4   | Identified the +0 pair of boots "Jyuhezy" {rN+}
 27286 | Lair:5   | Noticed Josephine
 27291 | Lair:5   | Killed Josephine
 27603 | Lair:5   | Identified the +6 lajatang of Apusaher {holy, Str+3 Int+4}
 27908 | Lair:5   | Offered knowledge of Freezing Cloud by Vehumet.
 27916 | Lair:5   | Learned a level 5 spell: Freezing Cloud
 28385 | Lair:6   | Entered Level 6 of the Lair of Beasts
 28528 | Lair:6   | Reached skill level 1 in Ice Magic
 28538 | Lair:6   | Reached XP level 15. HP: 85/85 MP: 23/42
 28688 | Lair:6   | Found a staircase to the Slime Pits.
 28990 | Lair:6   | Reached skill level 22 in Spellcasting
 29424 | Lair:6   | Found a large runed translucent door.
 29425 | Lair:6   | Found a large runed translucent door.
 29529 | Lair:6   | Identified the +6 dagger of a volcano {drain, Will+}
 29795 | Lair:6   | Upgraded the game from 0.28-a0-845-gfc338a8e3c to
                  | 0.28-a0-850-g09de17f5b5
 31017 | Orc:1    | Entered Level 1 of the Orcish Mines
 31027 | Orc:1    | Offered knowledge of Irradiate by Vehumet.
 31571 | Orc:2    | Entered Level 2 of the Orcish Mines
 31902 | Orc:2    | Noticed Blork the orc
 31904 | Orc:2    | Killed Blork the orc
 31954 | Orc:2    | Noticed an orc warlord
 31989 | Orc:2    | Killed an orc warlord
 32753 | Orc:2    | Offered knowledge of Eringya's Noxious Bog by Vehumet.
 32766 | Orc:2    | Noticed Nergalle
 32773 | Orc:2    | Killed Nergalle
 32889 | Orc:2    | Found Fuczu's Jewellery Shoppe.
 32892 | Orc:2    | Found Fag Rykk's Antique Armour Shoppe.
 32905 | Orc:2    | Found Lientyarr's General Store.
 32905 | Orc:2    | Noticed an orc warlord
 32919 | Orc:2    | Killed an orc warlord
 33123 | Orc:2    | Found Qonierix's Antique Weapon Shoppe.
 33146 | Orc:2    | Bought a potion of degeneration for 14 gold pieces
 33370 | Orc:2    | Found a staircase to the Elven Halls.
 33591 | Swamp:1  | Entered Level 1 of the Swamp
 33591 | Swamp:1  | Noticed a tentacled monstrosity
 33599 | Lair:3   | Reached skill level 23 in Spellcasting
 33615 | Swamp:1  | Killed from afar by a swamp worm

Illustrated notes

Levels and vault maps discovered:
D:1:      roderic_octagonal_star, layout_rooms,
          hellmonk_ecumenical_altar_leap_of_faith
D:2:      layout_basic, serial_shops, nicolae_shop_competitors_out_of_business,
          nrook_loot_triangle
D:3:      layout_loops_ring, minmay_misc_feat_plants, uniq_natasha
D:4:      layout_cave_pods, uniq_edmund
D:5:      layout_basic, grunt_ministairs_13
D:6:      layout_cave_pods, minmay_temple_entry_waves
D:7:      layout_basic, nicolae_overflow_hidden_temple, feat_on_display,
          uniq_harold
D:8:      layout_layer_cave, serial_shops, nicolae_shop_stone,
          kennysheep_doodads
D:9:      layout_roguey, ebering_ghost_xom
D:10:     layout_loops_ring
D:11:     layout_irregular_city, minmay_lair_entry_grove, uniq_snorg
D:12:     layout_stronghold
D:13:     layout_loops_ring, serial_shops, nicolae_shop_crystal,
          serial_park_tiny_1
D:14:     layout_gridville, skrybe_vaults_entry_preservation, serial_undead,
          serial_undead_e, serial_undead_c, serial_undead_b, serial_undead_f,
          nicolae_wu_jian_immortal_techniques
D:15:     hangedman_depths_entry_civil_slaughter, layout_long_grid,
          chequers_serial_rivers_room_b
Temple:   mainiacjoe_temple_archimedes_tessellation
Lair:1:   layout_gridlike, lemuel_centaur_altar, grunt_megastairs_5
Lair:2:   gammafunk_cloud_chamber, layout_regular_city, spider_nest_entry_a,
          amcnicky_altar_lugonu_corruption
Lair:3:   layout_gridlike, minmay_swamp_entry_swarm
Lair:4:   layout_long_grid
Lair:5:   layout_hall_layers, infiniplex_staircase_pool_2, lemuel_fruit_tree,
          serial_bayou_shore_a, uniq_josephine
Lair:6:   cheibrodos_lair_end_hotspot, layout_gridlike, slime_dummy
Swamp:1:  layout_falls_marsh, nicolae_swamp_ascending_descending, swamp_pool2
Orc:1:    layout_caves
Orc:2:    grunt_orc_cross, layout_diamond_mine

Skill      XL: |  1  2  3  4  5  6  7  8  9 10 11 12 13 14 15 |
---------------+----------------------------------------------+-----
Spellcasting   | 5 6 7 9 10 12 14 16 18 20 21 23 | 23.0
Fighting       | 1 2 3 5 6 7 |  7.9
Armour         | 1 2 3 4 6 |  6.0
Conjurations   | 2 3 4 5 7 8 9 10 12 13 14 | 14.1
Fire Magic     | 1 2 4 6 7 9 10 11 12 13 | 13.7
Dodging        | 3 |  3.0
Air Magic      | 1 |  1.0
Stealth        | 3 |  3.0
Poison Magic   | 1 |  1.0
Evocations     | 1 |  1.2
Shields        | 2 3 4 |  4.0
Necromancy     | 1 |  1.0
Earth Magic    | 1 |  1.1
Ice Magic      | 1 2 |  2.0
Summonings     | |  1.1
Translocations | |  1.1

Action                   |  1- 3 |  4- 6 |  7- 9 | 10-12 | 13-15 || total
-------------------------+-------+-------+-------+-------+-------++-------
Melee: Long sword        |       |    25 |       |       |       ||    25
       Dagger            |       |    25 |       |       |       ||    25
       Flail             |       |       |    61 |    74 |    14 ||   149
       Staff             |       |       |       |       |    11 ||    11
 Cast: Magic Dart        |   103 |    89 |   212 |    31 |       ||   435
       Mephitic Cloud    |       |     8 |    18 |    36 |    19 ||    81
       Call Imp          |       |     6 |     4 |     5 |     2 ||    17
       Conjure Flame     |       |     7 |    27 |    47 |    10 ||    91
       Blink             |       |       |     3 |     6 |     5 ||    14
       Stone Arrow       |       |       |       |   246 |    73 ||   319
       Foxfire           |       |       |       |    77 |    14 ||    91
       Fireball          |       |       |       |       |   318 ||   318
       Starburst         |       |       |       |       |    43 ||    43
       Freezing Cloud    |       |       |       |       |    21 ||    21
Evoke: Wand              |       |       |       |     3 |       ||     3
  Use: Scroll            |       |       |       |       |    21 ||    21
 Stab: Confused          |       |    10 |     6 |     7 |       ||    23
Armor: Robe              |     2 |       |       |       |       ||     2
       Leather armour    |     2 |     9 |    43 |       |       ||    54
       Steam dragon scal |       |       |       |    61 |    43 ||   104
Dodge: Dodged            |    11 |    41 |    77 |   105 |    71 ||   305
Block: Buckler           |       |       |       |    36 |    51 ||    87

Table legend: (Time is in decaauts)
 A = Elapsed time spent in this place.
 B = Non-inter-level travel time spent in this place.
 C = Inter-level travel time spent in this place.
 D = Time resting spent in this place.
 E = Time spent auto-exploring this place.
 F = Levels seen in this place.
 G = Mean time per level.
                   A        B        C        D        E       F      G
               +--------+--------+--------+--------+--------+-----+--------+
         Total |  33746 |  31605 |   2141 |   3616 |  23369 |  25 | 1349.8 |
       Dungeon |  23333 |  21699 |   1634 |   2826 |  15567 |  15 | 1555.5 |
        Temple |    263 |    178 |     85 |      0 |     82 |   1 |  263.0 |
          Lair |   7654 |   7268 |    386 |    417 |   6053 |   6 | 1275.7 |
         Swamp |      9 |      9 |      0 |      0 |      0 |   1 |    9.0 |
  Orcish Mines |   2485 |   2451 |     34 |    373 |   1667 |   2 | 1242.5 |
               +--------+--------+--------+--------+--------+-----+--------+

Top non-repeatable levels by time:
    D:14: 2358 daAuts
  Lair:6: 2076 daAuts
   Orc:2: 1910 daAuts
     D:6: 1800 daAuts
    D:12: 1775 daAuts
     D:9: 1747 daAuts
     D:8: 1628 daAuts
     D:4: 1625 daAuts
     D:5: 1607 daAuts
     D:3: 1590 daAuts
     D:7: 1414 daAuts
     D:2: 1383 daAuts
    D:13: 1352 daAuts
    D:11: 1340 daAuts
    D:15: 1305 daAuts
